 Dungeon Crawl Stone Soup version 0.20.0-15-g7f486f2 (webtiles) character file.

577 JeffiDaFish the Shield-Bearer (level 7, -1/44 HPs)
             Began as a Gargoyle Fighter on June 20, 2017.
             Slain by a killer bee (4 damage)
             ... on level 4 of the Dungeon.
             The game lasted 00:12:33 (2494 turns).

JeffiDaFish the Shield-Bearer (Gargoyle Fighter)    Turns: 2494, Time: 00:12:33

Health: -1/44      AC: 16    Str: 25    XL:     7   Next: 35%
Magic:  7/7        EV:  6    Int:  8    God:
Gold:   180        SH: 10    Dex: 11    Spells: 6/6 levels left

rFire    . . .     SeeInvis +   a - +1 flail
rCold    . . .     Gourm    .   c - +0 shield
rNeg     + + .     Faith    .   g - +0 chain mail
rPois    ∞         Spirit   .   (helmet restricted)
rElec    +         Reflect  .   (no cloak)
rCorr    .         Harm     .   e - +0 pair of gloves
MR       .....     Rnd*Tele +   (no boots)
Stlth    ..........             (no amulet)
Regen    0.2/turn               l - ring of positive energy (curse)
MPRegen  0.1/turn               n - ring of teleportation (curse)

@: mighty, drained
A: antennae 1, rugged brown scales 1, see invisible, negative energy resistance
1, electricity resistance, unbreathing, petrification resistance, rot immunity,
AC +4
a: no special abilities


You were on level 4 of the Dungeon.
You were not hungry.

You visited 1 branch of the dungeon, and saw 4 of its levels.

You collected 180 gold pieces.

Inventory:

Hand Weapons
 a - a +1 flail (weapon)
Armour
 c - a +0 shield (worn)
 e - a +0 pair of gloves (worn)
 g - a +0 chain mail (worn)
Jewellery
 l - a cursed ring of positive energy (left hand)
 n - a cursed ring of teleportation (right hand)
Scrolls
 h - a scroll of remove curse
 j - 5 scrolls of identify
 k - a scroll of amnesia
Potions
 b - a potion of flight
Comestibles
 d - a meat ration
 f - 3 bread rations
 i - 3 fruits


   Skills:
 + Level 4.2(3.9) Fighting
 + Level 4.9(4.6) Maces & Flails
 + Level 4.9(4.6) Armour
 + Level 1.4(1.1) Dodging
 + Level 0.2(0.0) Stealth
 + Level 5.3(5.0) Shields


You had 6 spell levels left.
You didn't know any spells.

Dungeon Overview and Level Annotations

Branches:
Dungeon (4/15)
 Temple: D:4-7

Altars:
Xom


Innate Abilities, Weirdness & Mutations

You are resistant to torment.
Your stone body is resilient. (AC +4)
You are immune to poison.
You resist negative energy. (rN+)
You are resistant to electric shocks. (rElec)
You can survive without breathing.
You are immune to petrification.
You are immune to rotting.
You have a pair of small antennae on your head.
You are partially covered in rugged brown scales. (AC +1, +3% HP)
You have supernaturally acute eyesight. (SInv)


Message History

The killer bee is moderately wounded.
The killer bee stings you but does no damage.
You block the killer bee's attack. The killer bee closely misses you.
You closely miss the killer bee.
The killer bee is moderately wounded.
The killer bee stings you.
* * * LOW HITPOINT WARNING * * *
The killer bee stings you but does no damage.
You sock the killer bee!
You kill the killer bee!
The killer bee stings you but does no damage. x2
You closely miss the killer bee. The killer bee barely misses you. x2
You barely miss the killer bee. You block the killer bee's attack. x2
The killer bee stings you but does no damage.
You miss the killer bee. The killer bee closely misses you.
The killer bee barely misses you.
You closely miss the killer bee.
The killer bee stings you but does no damage.
The killer bee stings you.
You die...

...... #....
#...# ###...##
#......#
#.#....#
#.#....#
#....#y#
#..###@####
#..###....##.
#.............
####.####...##..
#..........##
#...####.#####
##.#.# #.#
#.###.####.####
#.#.##.......#


You could see a killer bee.

Vanquished Creatures
  Sigmund (D:2)
  2 killer bees (D:4)
  3 orc priests (D:3)
  Jessica (D:3)
  An orc wizard (D:3)
  A worker ant (D:4)
  6 adders
  2 oozes
  3 worms
  2 dart slugs
  7 leopard geckos
  10 orcs (D:3)
  2 ball pythons (D:2)
  3 giant cockroaches
  9 hobgoblins
  8 kobolds
  A quokka (D:3)
  12 bats
  3 frilled lizards
  7 goblins
  5 rats
89 creatures vanquished.

Notes
Turn   | Place    | Note
-------+----------+-------------------------------------------
     0 | D:1      | JeffiDaFish the Gargoyle Fighter began the quest for the Orb.
     0 | D:1      | Reached XP level 1. HP: 14/14 MP: 1/1
   108 | D:1      | Gained mutation: You have a pair of small antennae on your head. [potion of mutation]
   108 | D:1      | Gained mutation: You have supernaturally acute eyesight. (SInv) [potion of mutation]
   108 | D:1      | Gained mutation: You are partially covered in rugged brown scales. (AC +1, +3% HP) [potion of mutation]
   130 | D:1      | Reached XP level 2. HP: 17/19 MP: 2/2
   309 | D:1      | Reached XP level 3. HP: 22/23 MP: 3/3
   584 | D:2      | Noticed Sigmund
   718 | D:2      | Killed Sigmund
   718 | D:2      | Reached skill level 4 in Shields
   718 | D:2      | Reached XP level 4. HP: 28/29 MP: 4/4
   718 | D:2      | Reached XP level 5. HP: 32/33 MP: 5/5
  1099 | D:2      | Reached skill level 1 in Dodging
  1182 | D:2      | Reached XP level 6. HP: 39/39 MP: 6/6
  1454 | D:3      | Noticed Jessica
  1460 | D:3      | Killed Jessica
  1672 | D:3      | Found a shimmering altar of Xom.
  1733 | D:3      | Found a shimmering altar of Xom.
  1733 | D:3      | Found a shimmering altar of Xom.
  1784 | D:3      | Reached XP level 7. HP: 17/44 MP: 7/7
  2065 | D:3      | Reached skill level 5 in Shields
  2494 | D:4      | Slain by a killer bee

Skill      XL: |  1  2  3  4  5  6  7 |
---------------+----------------------+-----
Maces & Flails | 3 4 |  4.9
Armour         | 4 |  4.9
Shields        | 4 5 |  5.3
Dodging        | 1 |  1.4
Fighting       | 4 |  4.2
Stealth        | |  0.2

Action                   |  1- 3 |  4- 6 |  7- 9 || total
-------------------------+-------+-------+-------++-------
Melee: Flail             |    80 |   160 |   143 ||   383
  Use: Potion            |     3 |     4 |     2 ||     9
       Scroll            |     2 |     4 |     2 ||     8
  Eat: Chunk             |       |     3 |     3 ||     6
Armor: Scale mail        |    66 |    60 |       ||   126
       Chain mail        |       |    81 |   110 ||   191
Dodge: Dodged            |    32 |    66 |    39 ||   137
Block: Shield            |    54 |   105 |    85 ||   244
